 Dungeon Crawl Stone Soup version 0.27-a0-29-g2d0a2396b0 (webtiles) character file.

Game seed: 14375013510344420537

5768 Snikeer the Fighter (level 10, -1/93 HPs)
             Began as a Pale Draconian Transmuter on Jan 3, 2021.
             Was a Follower of Makhleb.
             Killed from afar by an orc wizard (9 damage)
             ... with a magic dart
             ... on level 9 of the Dungeon.
             The game lasted 00:22:31 (11087 turns).

Snikeer the Fighter (Pale Draconian Transmuter)    Turns: 11087, Time: 00:22:31

Health: -1/93      AC:  7    Str: 12    XL:     10   Next: 49%
Magic:  5/13       EV: 15    Int: 17    God:    Makhleb [*.....]
Gold:   569        SH:  0    Dex: 12    Spells: 2/13 levels left

rFire    . . .     SeeInvis .     - Unarmed
rCold    + . .     Faith    .   (shield currently unavailable)
rNeg     + . .     Spirit   .   (armour unavailable)
rPois    .         Reflect  .   (helmet restricted)
rElec    .         Harm     .   (no cloak)
rCorr    .         Rampage  .   (gloves currently unavailable)
Will     .....                  (no boots)
Stlth    +.........             x - amulet of magic regeneration
HPRegen  0.25/turn              f - ring of positive energy {rN+}
MPRegen  0.38/turn              g - ring of protection from cold {rC+, !d}

@: blade hands, very slightly contaminated
A: breathe steam, unfitting armour, cold-blooded, AC +7
a: Breathe Steam, End Transformation, Renounce Religion


You were on level 9 of the Dungeon.
You worshipped Makhleb.
Makhleb was aware of your devotion.
You had blades for hands.
You visited 2 branches of the dungeon, and saw 10 of its levels.

You collected 807 gold pieces.
You spent 238 gold pieces at shops.

Inventory:

Armour
 k - a scarf of shadows
   (You found it on level 4 of the Dungeon)
 v - a cursed +0 pair of gloves (melded)
   (You found it on level 7 of the Dungeon)
 A - a +0 cloak
   (You took it off Maurice on level 8 of the Dungeon)
Jewellery
 e - an uncursed ring of fire {rF+, rC-}
   (You found it on level 1 of the Dungeon)
 f - a ring of positive energy (left scythe-like blade) {rN+}
   (You found it on level 1 of the Dungeon)
 g - a ring of protection from cold (right scythe-like blade) {rC+, !d}
   (You found it on level 2 of the Dungeon)
 i - an uncursed ring of magical power {MP+9}
   (You found it on level 4 of the Dungeon)
 x - an amulet of magic regeneration (around neck)
   (You found it on level 8 of the Dungeon)
Wands
 r - a wand of polymorph (21)
   (You took it off Pikel on level 6 of the Dungeon)
 z - a wand of paralysis (7)
   (You found it on level 8 of the Dungeon)
 B - a wand of acid (11)
   (You took it off Maurice on level 8 of the Dungeon)
Scrolls
 b - 3 scrolls of remove curse
 c - 6 scrolls of identify
 d - 2 scrolls of blinking {!r}
 j - 3 scrolls of teleportation
 n - a scroll of fear {unknown}
 o - a scroll of immolation {unknown}
 s - a scroll of magic mapping {!r}
 t - a scroll of amnesia
 u - a scroll of enchant armour
 y - a scroll of summoning
 C - 2 scrolls of noise {unknown}
 D - 2 scrolls of brand weapon {unknown}
Potions
 a - 2 potions of haste {unknown}
 h - 3 potions of heal wounds {unknown}
 l - 4 potions of flight {unknown}
 m - a potion of degeneration {unknown}
 p - 3 potions of mutation {!q}
 q - a potion of invisibility {unknown}
 w - a potion of resistance {unknown}


   Skills:
 - Level 10.0 Fighting
 + Level 7.1 Dodging
 - Level 8.0 Unarmed Combat
 - Level 2.0 Spellcasting
 - Level 8.0 Transmutations


You had 2 spell levels left.
You knew the following spells:

 Your Spells              Type           Power        Failure   Level
a - Beastly Appendage     Tmut           56%          13%         1
b - Wereblood             Tmut           28%          16%         2
c - Spider Form           Tmut/Pois      7%           47%         3
x - Blade Hands           Tmut           14%          63%         5

Your spell library contained the following spells:

 Spells                   Type           Power        Failure   Level
 Animate Skeleton         Necr           2%           61%         1
 Apportation              Tloc           2%           61%         1
 Corona                   Hex            1%           61%         1
 Summon Small Mammal      Summ           4%           61%         1
 Ice Form                 Ice/Tmut       15%          78%         4


Dungeon Overview and Level Annotations

Branches:
Dungeon (9/15)             Temple (1/1) D:7            Lair (0/6) D:8
    Orc: D:9-12

Altars:
Ashenzari
Cheibriados
Dithmenos
Elyvilon
Fedhas
Gozag
Hepliaklqana
Kikubaaqudgha
Makhleb
Nemelex Xobeh
Okawaru
Qazlal
Ru
Sif Muna
Trog
Uskayaw
Vehumet
Wu Jian
Xom
Yredelemnul
Zin
The Shining One

Shops:
D:8 ?


Innate Abilities, Weirdness & Mutations

You can breathe blasts of scalding, opaque steam.
Your pale cyan-grey scales are hard. (AC +7)
You cannot fit into any form of body armour.
You are cold-blooded and may be slowed by cold attacks.


Message History

You barely miss the orc warrior.
Your tail-slap misses the orc warrior.
The phantom blinks!
The orc warrior barely misses you.
You barely miss the orc warrior. The phantom barely misses you.
You slice the orc warrior!! Makhleb accepts your kill.
Your transformation is almost over.
The orc wizard mumbles some strange words.
The orc wizard seems to speed up.
An orc wizard comes into view. It is wielding a +0 dagger.
The phantom hits you.
You hear a shout!
You take 2 damage, and have 62/93 hp.
You slash the phantom! You tail-slap the phantom.
Your slash misses the phantom.
You hear a shout! x2
The orc warrior hits you but does no damage.
An orc wizard comes into view. It is wielding a +0 dagger.
The phantom barely misses you.
You closely miss the phantom.
The orc warrior hits you with a +0 short sword!
You take 11 damage, and have 51/93 hp.
You are too injured to fight recklessly!
You are too injured to fight recklessly!
You are too injured to fight recklessly!
You are too injured to fight recklessly!
You slice the phantom!! Makhleb accepts your kill.
The orc warrior hits you with a +0 short sword!
You take 9 damage, and have 42/93 hp.
You slash the orc warrior!
The orc warrior hits you with a +0 short sword.
You take 3 damage, and have 39/93 hp.
You slice the orc warrior!! Makhleb accepts your kill.
The orc wizard barely misses you.
You slice the orc wizard!! Makhleb accepts your kill.
The orc wizard points at you and mumbles some strange words.
The puff of flame hits you.
You take 2 damage, and have 37/93 hp.
You slash the orc! Makhleb accepts your kill.
You feel better.
An orc comes into view. It is wielding a +0 mace.
You regained 2 hp, and now have 39/93 hp.
You slice the orc wizard!! Makhleb accepts your kill.
Your Dodging skill increases to level 7!
You slice the orc!! Makhleb accepts your kill.
You slice the orc priest!! Makhleb accepts your kill.
Your hands revert to their normal proportions.
Your cursed +0 pair of gloves unmelds from your body.
The orc wizard gestures at you while chanting.
The magic dart hits you.
You take 5 damage, and have 34/93 hp.
You barely miss the orc.
The orc wizard gestures wildly while chanting.
The orc wizard seems to speed up.
An orc warrior comes into view. It is wielding a +0 glaive.
You hear a shout! x2
You hit the orc.
Your tail-slap misses the orc.
The orc closely misses you.
You closely miss the orc. The orc warrior closely misses you.
The orc misses you.
You hit the orc. The orc closely misses you. The orc warrior barely misses you.
You punch the orc! Makhleb accepts your kill.
Casting: Blade Hands (dangerous; 21% risk of failure)
Confirm with . or Enter, or press ? or * to list all spells.
You miscast Blade Hands.
You are very lightly contaminated with residual magic.
Nothing appears to happen.
An orc priest comes into view. It is wielding a +0 hand axe.
The orc warrior barely misses you.
An orc comes into view. It is wielding a +0 flail.
You now have 8/13 mp.
Casting: Blade Hands (dangerous; 21% risk of failure)
Confirm with . or Enter, or press ? or * to list all spells.
Your hands turn into razor-sharp scythe blades.
Your cursed +0 pair of gloves melds into your body.
An orc comes into view. It is wielding a +0 club.
The orc warrior barely misses you.
You now have 3/13 mp.
An orc and an orc wizard come into view.
The orc shouts!
The orc wizard shouts!
The orc priest mumbles some strange prayers to Beogh against you.
Beogh smites you!
* * * LOW HITPOINT WARNING * * *
The orc warrior hits you with a +0 glaive!
* * * LOW HITPOINT WARNING * * *
Items here: ))))))) [[[[ †††††.
You take 29 damage, and have 7/93 hp.
MASSIVE DAMAGE!!
You slash the orc priest! You slash the orc priest. Makhleb accepts your kill.
The orc wizard hits you but does no damage.
The orc warrior misses you. The orc wizard casts a spell at you.
The magic dart hits you!
You die...

.....####.............#
.....# #.))..........#
..)..# #.............#
...).# #.)...........#
...)<# #.............#
.##### ########'######
.#### #.# ...)# #.#
##### #@# #o# #)#
..o...o)# ..o...o..
.......#.# ..#...# .# 8
##8# .. ## #.


You could see an orc warrior, an orc wizard (fast) and an orc.

Vanquished Creatures
  2 two-headed ogres (D:8)
  Pikel (D:6)
  Maurice (D:8)
  Maggie (D:7)
  A komodo dragon (D:8)
  A water moccasin (D:8)
  2 sky beasts
  3 orc warriors (D:9)
  2 ice beasts
  3 phantoms
  3 ogres
  2 centaurs
  A lemure (D:6)
  6 bullfrogs
  A wyvern zombie (D:8)
  A wyvern skeleton (D:4)
  3 scorpions
  3 howler monkeys (D:8)
  3 hounds
  8 orc wizards
  A bullfrog skeleton (D:3)
  5 orc priests
  8 worker ants
  Terence (D:2)
  A howler monkey skeleton (D:8)
  Robin (D:2)
  3 gnolls (D:2)
  18 adders
  A shadow imp (D:8)
  2 white imps
  2 ufetubi
  An adder zombie (D:8)
  4 adder skeletons
  2 worms
  2 dart slugs
  7 leopard geckos
  21 orcs
  3 giant cockroaches (D:3)
  19 goblins
  18 hobgoblins
  18 jackals
  A kobold (D:3)
  9 quokkas
  2 ball pythons
  2 ball python skeletons (D:4)
  4 bats
  12 frilled lizards
  A quokka zombie (D:5)
  10 rats
227 creatures vanquished.

Vanquished Creatures (others)
  5 plants
5 creatures vanquished.

Grand Total: 232 creatures vanquished

Notes
Turn   | Place    | Note
-------+----------+-------------------------------------------
     0 | D:1      | Snikeer the Draconian Transmuter began the quest for the
                  | Orb.
     0 | D:1      | Reached XP level 1. HP: 16/16 MP: 3/3
   148 | D:1      | Reached XP level 2. HP: 19/23 MP: 0/5
   347 | D:1      | Reached XP level 3. HP: 25/28 MP: 6/6
   531 | D:1      | You fall into a shaft and drop 1 floor!
   544 | D:2      | Reached skill level 4 in Unarmed Combat
  1482 | D:2      | HP: 7/28 [adder (2)]
  1484 | D:2      | Reached XP level 4. HP: 6/35 MP: 7/7
  1745 | D:2      | Noticed Terence
  1747 | D:2      | Reached skill level 3 in Transmutations
  1757 | D:2      | Killed Terence
  1857 | D:2      | Reached skill level 5 in Unarmed Combat
  2017 | D:2      | Reached XP level 5. HP: 34/40 MP: 6/8
  2152 | D:2      | HP: 10/40 [poisoned by a worker ant]
  2719 | D:2      | Noticed Robin
  2736 | D:2      | Killed Robin
  2763 | D:2      | HP: 9/40 [hobgoblin[Robin] (4)]
  2789 | D:2      | Learned a level 2 spell: Wereblood
  2793 | D:2      | Learned a level 3 spell: Spider Form
  3209 | D:3      | Found a stormy altar of Qazlal.
  3209 | D:3      | Noticed a water elemental
  3743 | D:3      | Reached XP level 6. HP: 45/47 MP: 9/9
  3817 | D:3      | Reached skill level 4 in Transmutations
  3915 | D:3      | Reached skill level 6 in Unarmed Combat
  3963 | D:3      | Noticed an air elemental
  3974 | D:3      | Noticed a fire elemental
  5080 | D:4      | Your scales start taking on a pale cyan-grey colour.
  5080 | D:4      | Reached XP level 7. HP: 47/52 MP: 8/10
  5245 | D:4      | Reached skill level 7 in Unarmed Combat
  5447 | D:4      | Reached skill level 5 in Transmutations
  5758 | D:5      | Entered Level 5 of the Dungeon
  6100 | D:5      | Reached skill level 8 in Unarmed Combat
  6501 | D:6      | Reached skill level 6 in Transmutations
  6501 | D:6      | Reached XP level 8. HP: 59/59 MP: 11/11
  6715 | D:6      | Reached skill level 7 in Transmutations
  6874 | D:6      | Noticed Pikel
  6892 | D:6      | Killed Pikel
  6893 | D:6      | Reached skill level 8 in Transmutations
  6893 | D:6      | Reached skill level 3 in Fighting
  7257 | D:6      | Reached skill level 4 in Fighting
  7342 | D:6      | Reached skill level 5 in Fighting
  7639 | D:7      | Reached XP level 9. HP: 61/74 MP: 9/12
  7863 | D:7      | Found a staircase to the Ecumenical Temple.
  7878 | Temple   | Entered the Ecumenical Temple
  7963 | Temple   | Became a worshipper of Makhleb the Destroyer
  7984 | D:7      | Reached skill level 6 in Fighting
  8218 | D:7      | Noticed Maggie
  8234 | D:7      | Killed Maggie
  8235 | D:7      | Reached skill level 7 in Fighting
  8765 | D:8      | Reached skill level 8 in Fighting
  9027 | D:8      | Found a staircase to the Lair.
  9028 | D:8      | Noticed a komodo dragon
  9105 | D:7      | Learned a level 5 spell: Blade Hands
  9113 | D:8      | Killed a komodo dragon
  9114 | D:8      | Reached skill level 9 in Fighting
  9274 | D:8      | Found Goabb's Magic Scroll Boutique.
  9368 | D:8      | Bought a scroll of summoning for 133 gold pieces
  9368 | D:8      | Bought a scroll of blinking for 105 gold pieces
  9421 | D:8      | Noticed a two-headed ogre
  9431 | D:8      | Killed a two-headed ogre
  9432 | D:8      | Reached skill level 10 in Fighting
  9432 | D:8      | Reached skill level 3 in Dodging
  9478 | D:8      | Noticed a two-headed ogre
  9501 | D:8      | Killed a two-headed ogre
  9502 | D:8      | Reached skill level 4 in Dodging
  9502 | D:8      | Reached XP level 10. HP: 77/93 MP: 1/13
  9570 | D:8      | Noticed Maurice
  9602 | D:8      | Killed Maurice
  9602 | D:8      | Reached * piety under Makhleb
  9603 | D:8      | Reached skill level 5 in Dodging
 10739 | D:9      | Reached skill level 6 in Dodging
 11075 | D:9      | Reached skill level 7 in Dodging
 11084 | D:9      | HP: 7/93 [orc warrior/+0 glaive (17)]
 11087 | D:9      | Killed from afar by an orc wizard

Illustrated notes

Levels and vault maps discovered:
D:1:      lightli_iron_boxes, layout_rooms, serial_aquarium,
          aquarium_bridge_straight [aquarium_subvault_bridge,
          aquarium_subvault_balcony, aquarium_subvault_bridge,
          aquarium_subvault_window], aquarium_window_2, aquarium_window_fake,
          aquarium_view_2a, aquarium_view_2f, aquarium_balcony_double_3,
          aquarium_pool_2
D:2:      layout_basic, uniq_robin, uniq_terence
D:3:      layout_rooms, nicolae_qazlal_style_of_elements
D:4:      minmay_polygon_palace, layout_basic
D:5:      layout_rooms, hangedman_decor_clover_reticule,
          chequers_serial_rivers_small_3
D:6:      layout_loops_ring, amcnicky_mini_corridor_feature,
          corexii_corridor_pit, uniq_pikel
D:7:      layout_basic, minmay_temple_entry_gardened_gates,
          minmay_misc_feat_tower, uniq_maggie
D:8:      layout_layer_cave, david_lair_shrubbed, serial_shops, shop,
          chequers_serial_rivers_micro_c, uniq_maurice
D:9:      layout_roguey, david_orc_4, serial_aquarium, aquarium_bridge_square
          [aquarium_subvault_bridge, aquarium_subvault_bridge,
          aquarium_subvault_wall, aquarium_subvault_window], aquarium_window_3,
          aquarium_window_double, aquarium_view_2d, aquarium_view_2e,
          aquarium_balcony_3b, hangedman_minor_gate_pass
Temple:   grunt_wide_crystal_templ

Skill      XL: |  1  2  3  4  5  6  7  8  9 10 |
---------------+-------------------------------+-----
Unarmed Combat | 4 5 6 8 |  8.0
Transmutations | 3 4 6 8 |  8.0
Fighting       | 5 10 | 10.0
Dodging        | 4 7 |  7.1
Spellcasting   | |  2.0

Action                   |  1- 3 |  4- 6 |  7- 9 | 10-12 || total
-------------------------+-------+-------+-------+-------++-------
Melee: Unarmed           |   135 |   241 |   211 |    88 ||   675
       Headbutt          |    13 |    23 |     7 |       ||    43
       Tailslap          |    12 |    14 |    15 |     8 ||    49
       Kick              |    15 |    30 |    19 |       ||    64
       Punch             |     3 |     6 |     3 |     1 ||    13
 Cast: Beastly Appendage |    18 |    40 |    28 |       ||    86
       Spider Form       |       |     3 |    11 |     2 ||    16
       Blade Hands       |       |       |     3 |     6 ||     9
 Abil: Breathe Steam     |       |       |    26 |     2 ||    28
  Use: Potion            |       |     1 |       |       ||     1
       Scroll            |       |     7 |       |       ||     7
 Stab: Sleeping          |       |       |     1 |     1 ||     2
Armor: Skin              |    45 |    42 |    44 |    22 ||   153
Dodge: Dodged            |    85 |   124 |   142 |    54 ||   405

Table legend: (Time is in decaauts)
 A = Elapsed time spent in this place.
 B = Non-inter-level travel time spent in this place.
 C = Inter-level travel time spent in this place.
 D = Time resting spent in this place.
 E = Time spent auto-exploring this place.
 F = Levels seen in this place.
 G = Mean time per level.
                   A        B        C        D        E       F      G
               +--------+--------+--------+--------+--------+-----+--------+
         Total |  11023 |  10279 |    744 |    380 |   8192 |  10 | 1102.3 |
       Dungeon |  10928 |  10196 |    732 |    380 |   8113 |   9 | 1214.2 |
        Temple |     94 |     82 |     12 |      0 |     79 |   1 |   94.0 |
               +--------+--------+--------+--------+--------+-----+--------+

Top non-repeatable levels by time:
     D:2: 2266 daAuts
     D:4: 1540 daAuts
     D:8: 1536 daAuts
     D:7: 1453 daAuts
     D:3: 1106 daAuts
     D:6: 1077 daAuts
     D:1: 980 daAuts
     D:5: 614 daAuts
     D:9: 355 daAuts
  Temple: 94 daAuts

Table legend:
 A = Kills in this place as a percentage of kills in entire the game.
 B = Kills by you in this place as a percentage of kills by you in the entire game.
 C = Kills by friends in this place as a percentage of kills by friends in the entire game.
 D = Other kills in this place as a percentage of other kills in the entire game.
 E = Experience gained in this place as a percentage of experience gained in the entire game.
 F = Experience gained in this place divided by the number of levels of this place that you have seen.
                   A       B       C       D       E      F
               +-------+-------+-------+-------+-------+----------------------
         Total | 100.0 | 100.0 |   N/A |   N/A | 100.0 | 824.0
       Dungeon | 100.0 | 100.0 |   N/A |   N/A | 100.0 | 915.6
               +-------+-------+-------+-------+-------+----------------------
